 Dungeon Crawl Stone Soup version 0.17-a0-1421-g95311d7 (webtiles) character file.

1244 inmateoo the Changer (level 8, -6/87 HPs)
             Began as a Demigod Transmuter on June 23, 2015.
             Killed from afar by Blork the orc (9 damage)
             ... with a puff of flame
             ... on level 5 of the Dungeon on June 24, 2015.
             The game lasted 00:12:41 (6319 turns).

inmateoo the Changer (Demigod Transmuter)           Turns: 6319, Time: 00:12:41

Health: -6/87      AC:  4    Str: 18    XL:     8   Next: 5%
Magic:  17/17      EV: 15    Int: 17    God:
Gold:   309        SH:  0    Dex: 20    Spells: 3 memorised, 8 levels left

rFire  . . .     SeeInvis .       - Unarmed
rCold  . . .     Clarity  .     o - +1 animal skin
rNeg   . . .     SustAt   +     (no shield)
rPois  .         Gourm    .     t - +0 helmet
rElec  .         Spirit   .     (no cloak)
rCorr  .         Warding  .     (no gloves)
rMut   .         Stasis   .     (no boots)
MR     .....                    (no amulet)
Stlth  ..........               (no ring)
                                (no ring)

@: berserking, very quick, not resistant to hostile enchantments, extremely
unstealthy
A: high mp 1, sustain attributes
a: no special abilities


You were on level 5 of the Dungeon.
You were not hungry.

You visited 1 branch of the dungeon, and saw 6 of its levels.

You collected 309 gold pieces.

Inventory:

Hand weapons
 i - a +0 blowgun
Missiles
 a - 16 arrows
 n - 34 poisoned needles
 p - 8 poisoned arrows
Armour
 b - a +0 pair of gloves
 o - a +1 animal skin (worn)
 t - a +0 helmet (worn)
Jewellery
 g - an uncursed ring of teleportation
 u - an uncursed ring of fire
Magical devices
 q - a wand of polymorph (6)
Scrolls
 h - 3 scrolls of teleportation
Potions
 e - 3 potions of lignification
 j - 2 potions of might
 m - a potion of agility
 s - a potion of brilliance {unknown}
 w - a potion of degeneration {unknown}
Books
 c - a book of Changes

   Spells                             Type                      Level
   a - Beastly Appendage              Transmutation                1
   b - Sticks to Snakes               Transmutation                2
   c - Spider Form                    Transmutation/Poison         3
   d - Ice Form                       Ice/Transmutation            4
   e - Blade Hands                    Transmutation                5
Comestibles
 d - 6 bread rations
 f - 3 meat rations
 l - 3 beef jerkies


   Skills:
 - Level 0.8 Fighting
 * Level 4.0 Dodging
 + Level 4.9 Unarmed Combat
 + Level 3.8 Spellcasting
 * Level 6.3 Transmutations


You had 8 spell levels left.
You knew the following spells:

 Your Spells              Type           Power        Failure   Level  Hunger
a - Beastly Appendage     Trmt           ###...       1%          1    None
b - Sticks to Snakes      Trmt           ###.......   1%          2    ##.....
c - Spider Form           Trmt/Pois      ##........   14%         3    ###....


Dungeon Overview and Level Annotations

Branches:
Dungeon (6/15)
 Temple: D:4-7

Annotations:
D:5 Blork the orc


Innate Abilities, Weirdness & Mutations

You have an increased reservoir of magic (+10% MP).
Your attributes are resistant to harm.


Message History

A puff of frost appears from out of thin air!
The puff of frost hits you!
* * * LOW HITPOINT WARNING * * *
Drink which item? (? for menu, Esc to quit)
It was a potion of magic.
Magic courses through your body.
Drink which item? (? for menu, Esc to quit)
It was a potion of berserk rage.
A red film seems to cover your vision as you go berserk!
You feel yourself moving faster!
You feel mighty! Something hits you.
* * * LOW HITPOINT WARNING * * *
You barely miss something. Something hits you.
* * * LOW HITPOINT WARNING * * *
You punch something! x2
Something hits you!
* * * LOW HITPOINT WARNING * * *
You hit something.
You hear some strange, mumbled words.
A puff of flame appears from out of thin air!
The puff of flame hits you!
You die...

#...'.#..##...ยง.### #.. #####
#...#.'...##._.##.# #.. ....#
#...#.##...##.##..# #.. ....#
#...#.##...##.#...# #.. ....#
#...'.........##'## ##. ....#
#...#.............# #..
....######[.[#.####.#############
##........#'##.####.######.......
#.)......[.....@{>...'..........
#........#.##'###########'#.....
#....##+##.#................####
#....+.....'................'.#.
#....#.....#................#.+.
#....#'###+#................####
####..<......####'##'#...)######
#.........#.'.....'...)'.....
#.........#.#.....#....#.....


There were no monsters in sight!

Vanquished Creatures
  Grinder (D:5)
  A two-headed ogre (D:6)
  Eustachio (D:4)
  2 ogres
  A giant frog (D:6)
  2 crimson imps (D:5)
  A giant frog zombie (D:5)
  A hound (D:5)
  5 orc wizards (D:5)
  A centaur skeleton (D:4)
  3 worker ant zombies (D:5)
  4 gnolls
  Robin (D:4)
  4 adders
  A shadow imp (D:5)
  An ooze (D:3)
  A worm (D:3)
  2 giant geckos
  13 orcs
  A ball python (D:2)
  7 bats
  3 giant cockroaches
  7 goblins
  17 hobgoblins
  3 quokkas
  A giant gecko skeleton (D:4)
  4 giant newts
  6 kobolds
  4 rats
99 creatures vanquished.

Vanquished Creatures (collateral kills)
  An iguana (D:4)
  A gnoll (D:3)
  A giant gecko (D:4)
  2 goblins (D:3)
5 creatures vanquished.

Grand Total: 104 creatures vanquished

Notes
Turn   | Place    | Note
--------------------------------------------------------------
     0 | D:1      | inmateoo the Demigod Transmuter began the quest for the Orb.
     0 | D:1      | Reached XP level 1. HP: 15/15 MP: 5/5
   834 | D:1      | Reached XP level 2. HP: 11/22 MP: 5/7
  1174 | D:2      | Reached skill level 3 in Unarmed Combat
  1218 | D:2      | Found a shattered altar of Ashenzari.
  1683 | D:2      | Learned a level 2 spell: Sticks to Snakes
  1868 | D:3      | Reached XP level 3. HP: 27/27 MP: 6/8
  1914 | D:3      | Found a radiant altar of Vehumet.
  1936 | D:3      | Found a glowing silver altar of Zin.
  1949 | D:3      | Found an opulent altar of Gozag.
  2656 | D:3      | Reached XP level 4. HP: 25/34 MP: 3/10
  3096 | D:3      | Found a sparkling altar of Nemelex Xobeh.
  3241 | D:4      | Noticed Eustachio
  3267 | D:4      | Killed Eustachio
  3267 | D:4      | Reached skill level 4 in Transmutations
  3267 | D:4      | Reached XP level 5. HP: 8/39 MP: 4/12
  3539 | D:4      | Noticed Robin
  3548 | D:4      | Found a bloodstained altar of Trog.
  3694 | D:4      | Upgraded the game from 0.17-a0-1411-g06ff558 to 0.17-a0-1421-g95311d7
  3811 | D:5      | Entered Level 5 of the Dungeon
  4073 | D:4      | Killed Robin
  4150 | D:4      | Reached XP level 6. HP: 35/46 MP: 10/13
  4355 | D:4      | Learned a level 3 spell: Spider Form
  4400 | D:4      | Noticed an ogre
  4414 | D:4      | Killed an ogre
  4530 | D:5      | Noticed an ogre
  4545 | D:5      | Killed an ogre
  4545 | D:5      | Reached skill level 5 in Transmutations
  5157 | D:5      | Noticed Grinder
  5169 | D:5      | Killed Grinder
  5169 | D:5      | Reached XP level 7. HP: 42/51 MP: 5/15
  5914 | D:5      | Found a shimmering altar of Xom.
  5915 | D:5      | Found a shimmering altar of Xom.
  5917 | D:5      | Found a shimmering altar of Xom.
  5917 | D:5      | Found a shimmering altar of Xom.
  6073 | D:5      | Reached skill level 6 in Transmutations
  6131 | D:5      | Found a shimmering altar of Xom.
  6269 | D:6      | Noticed a two-headed ogre
  6269 | D:6      | an ice beast changed into a two-headed ogre
  6282 | D:6      | Noticed Blork the orc
  6283 | D:6      | Killed a two-headed ogre
  6283 | D:6      | Reached XP level 8. HP: 55/58 MP: 14/17
  6318 | D:5      | HP: 2/87 [something (8)]
  6319 | D:5      | Killed from afar by Blork the orc

Vault maps used:
D:1:      arrival_zaba_pyramid
D:2:      overflow_temple_1_default
D:3:      nicolae_overflow_quartered_altars, first_bread
D:4:      bloody_trog, uniq_eustachio, uniq_robin
D:5:      xom_redecorated, uniq_grinder
D:6:      temple_green, uniq_edmund, uniq_blork_the_orc

Action                   |  1- 3 |  4- 6 |  7- 9 || total
-------------------------+-------+-------+-------++-------
Melee: Unarmed           |   118 |   149 |   136 ||   403
 Fire: Blowgun           |     8 |    21 |       ||    29
Throw: Throwing net      |     2 |       |       ||     2
 Cast: Beastly Appendage |    17 |     9 |     4 ||    30
       Sticks to Snakes  |     4 |    10 |     1 ||    15
       Spider Form       |       |     4 |     6 ||    10
Evoke: Wand              |       |       |     3 ||     3
  Use: Scroll            |     6 |     3 |     1 ||    10
       Potion            |       |       |     2 ||     2
 Stab: Sleeping          |     3 |     3 |     1 ||     7
       Held in net/web   |     1 |       |       ||     1
       Distracted        |       |     1 |       ||     1
  Eat: Chunk             |     5 |     9 |     5 ||    19
